 Dungeon Crawl Stone Soup version 0.31.0-11-ge490571c62 (webtiles) character file.

Game seed: 744985091829372303

135 Curundu the Chopper (level 4, 0/41 HPs)
             Began as a Minotaur Berserker on Feb 1, 2024.
             Was a Believer of Trog.
             Slain by a gnoll
             ... wielding a +0 spear
              (6 damage)
             ... on level 3 of the Dungeon.
             The game lasted 00:04:09 (1617 turns).

Curundu the Chopper (Minotaur Berserker)            Turns: 1617, Time: 00:04:10

Health: 0/41       AC:  7    Str: 24    XL:     4   Next: 96%
Magic:  3/3        EV: 10    Int:  4    God:    Trog [**....]
Gold:   76         SH:  0    Dex:  9    Spells: 3/3 levels left

rFire   . . .        a - +0 hand axe
rCold   . . .        (no shield)
rNeg    . . .        i - +0 scale mail
rPois   .            (helmet restricted)
rElec   .            (no cloak)
rCorr   .            (no gloves)
SInv    .            (no boots)
Will    .....        (no amulet) Stlth
                     (no ring)
HPRegen 0.26/turn    (no ring)
MPRegen 0.08/turn

%: no passive effects
@: no status effects
A: horns 2, retaliatory headbutt
a: Renounce Religion, Berserk, Trog's Hand


You were on level 3 of the Dungeon.
You worshipped Trog.
Trog was pleased with you.
You visited 1 branch of the dungeon, and saw 3 of its levels.

You collected 76 gold pieces.

Inventory:

Hand Weapons
 a - a +0 hand axe (weapon)
Armour
 i - a +0 scale mail (worn)
Scrolls
 c - a scroll of blinking {unknown}
 d - a scroll of fog {unknown}
 e - a scroll of teleportation {unknown}
 g - a scroll of immolation {unknown}
 h - a scroll of butterflies {unknown}
Potions
 b - 3 potions of heal wounds {unknown}
 f - 2 potions of might {unknown}
 j - a potion of mutation {unknown}


   Skills:
 + Level 4.4 Fighting
 + Level 5.3 Axes
 + Level 3.9 Armour
 + Level 2.5 Dodging


You had 3 spell levels left.
You didn't know any spells.
Your spell library was empty.

Dungeon Overview and Level Annotations

Branches:
Dungeon (3/15)

Altars:

Shops:
D:1 *


Innate Abilities, Weirdness & Mutations

You have a pair of horns on your head.
You reflexively headbutt those who attack you in melee.


Message History

The gnoll is severely wounded.
The gnoll hits you from afar with a +0 spear.
The gnoll barely misses you.
You hit the gnoll. You headbutt the gnoll.
You kill the gnoll!
Trog accepts your kill. The gnoll misses you.
You slash the gnoll!
The gnoll is severely wounded.
The giant cockroach waves its antennae.
The gnoll hits you but does no damage.
The gnoll hits you with a +0 whip of flaming.
The gnoll burns you.
You completely miss the gnoll.
The gnoll is severely wounded.
The gnoll hits you but does no damage. The gnoll completely misses you.
You furiously retaliate!
You headbutt the gnoll!
You kill the gnoll!
Trog accepts your kill. The giant cockroach closely misses you.
You furiously retaliate!
You headbutt the giant cockroach. The gnoll hits you with a +0 spear.
Things that are here:
a +0 whip of flaming; a +0 club; a gnoll corpse You barely miss the gnoll.
You hit the giant cockroach but do no damage.
The giant cockroach bites you but does no damage.
The gnoll hits you with a +0 spear.
You barely miss the gnoll. You hit the giant cockroach.
The giant cockroach bites you but does no damage.
The gnoll hits you with a +0 spear.
* * * LOW HITPOINT WARNING * * *
The giant cockroach bites you but does no damage.
You hit the gnoll but do no damage. You hit the giant cockroach.
You kill the giant cockroach!
Trog accepts your kill. The gnoll completely misses you.
You barely miss the gnoll. The gnoll hits you with a +0 spear.
* * * LOW HITPOINT WARNING * * *
You hit the gnoll but do no damage. The gnoll hits you with a +0 spear.
You die...

## .. .# ...
.. .# .... ..
.# ....##. .#
....... .#
....... .#
.......#####.#
......g@...<.#
#...##########
#


You could see a gnoll.

Vanquished Creatures
  2 gnolls (D:3)
  7 adders (D:2)
  2 dart slugs (D:1)
  3 ball pythons
  6 endoplasms
  3 giant cockroaches
  5 goblins (D:1)
  4 hobgoblins
  5 kobolds
  A quokka (D:1)
  4 bats
  2 frilled lizards
  9 rats
53 creatures vanquished.

Notes
Turn   | Place    | Note
-------+----------+-------------------------------------------
     0 | D:1      | Curundu the Minotaur Berserker began the quest for the Orb.
     0 | D:1      | Reached XP level 1. HP: 19/19 MP: 0/0
    17 | D:1      | Found Lyqa's Assorted Antiques.
   154 | D:1      | Reached XP level 2. HP: 25/27 MP: 1/1
   179 | D:1      | Reached skill level 4 in Axes
   484 | D:1      | Found a faded altar of an unknown god.
   807 | D:1      | Reached XP level 3. HP: 30/33 MP: 2/2
  1125 | D:2      | Reached ** piety under Trog
  1313 | D:2      | Reached XP level 4. HP: 40/40 MP: 3/3
  1422 | D:2      | Reached skill level 5 in Axes
  1617 | D:3      | Slain by a gnoll

Illustrated notes

Levels and vault maps discovered:
D:1:      mainiacjoe_arrival_reflecting_pool, layout_loops_corners,
          serial_shops, nicolae_shop_trees,
          hellmonk_ecumenical_altar_prayer_group, minmay_misc_feat_ornament
D:2:      layout_rooms, grunt_ministairs_7, due_unseen_surprise
D:3:      layout_basic, kennysheep_another_room

Skill      XL: |  1  2  3  4 |
---------------+-------------+-----
Axes           | 4 5 |  5.3
Fighting       | 4 |  4.4
Armour         | 3 |  3.9
Dodging        | |  2.5

Action                     |  1- 3 |  4- 6 || total
---------------------------+-------+-------++-------
  Melee: Hand axe          |    69 |    38 ||   107
         Headbutt          |     3 |     6 ||     9
         Punch             |     1 |       ||     1
 Armour: Ring mail         |    20 |       ||    20
         Animal skin       |     1 |       ||     1
         Scale mail        |    21 |    32 ||    53
  Dodge: Dodged            |    44 |    27 ||    71
